| TOP OF THE 1ST |
|
Los Angeles Dodgers batting - Pitching for San Diego Padres : LHP Matt Wheeler
|
|
Pitching: LHP Matt Wheeler
|
|
|
Batting: SHB Joel Baker
|
0-0: Called Strike 0-1: Ball 1-1: Swinging Strike 1-2: Ball 2-2: Strikes out swinging
|
|
Batting: LHB Chris Ringwood
|
0-0: Foul Ball, location: 2F 0-1: Ball 1-1: Foul Ball, location: 2F 1-2: Foul Ball, location: 2F 1-2: Strikes out swinging, 2-3 out at first.
|
|
Batting: LHB Bob Branham
|
0-0: Swinging Strike 0-1: SINGLE (Line Drive, 8LS, EV 95.6 MPH)
|
|
Batting: LHB Lirak Bazhunaishvili
|
0-0: Ball 1-0: Ball 2-0: Foul Ball, location: 2F 2-1: Called Strike 2-2: Foul Ball, location: 2F 2-2: Foul Ball, location: 2F 2-2: Ball 3-2: Ground out 6-3 (Groundball, 6, EV 82.5 MPH)
|
| Top of the 1st over - 0 runs, 1 hit, 0 errors, 1 left on base; Los Angeles 0 - San Diego 0 |
| BOTTOM OF THE 1ST |
|
San Diego Padres batting - Pitching for Los Angeles Dodgers : RHP Justin Scheithauer
|
|
Pitching: RHP Justin Scheithauer
|
|
|
Batting: LHB Per Meulengracht
|
0-0: Called Strike 0-1: Foul Ball, location: 2F 0-2: Fly out, F8 (Flyball, 8RS, EV 85.0 MPH)
|
|
Batting: RHB Bobby Ayala
|
0-0: Ball 1-0: Ball 2-0: Called Strike 2-1: Foul Ball, location: 2F 2-2: Ball 3-2: Foul Ball, location: 2F 3-2: Base on Balls
|
|
Batting: LHB Mike Holt
|
0-0: Called Strike 0-1: SINGLE (Groundball, 4MD, EV 105.0 MPH) Bobby Ayala to second
|
|
Batting: SHB Jerry Luckwell
|
0-0: Ball 1-0: DOUBLE (Line Drive, 7LS, EV 104.4 MPH) Bobby Ayala scores Mike Holt to third
|
|
Batting: LHB Aaron LeBlanc
|
0-0: Ball 1-0: Called Strike 1-1: Ball 2-1: Ball 3-1: Base on Balls
|
|
Batting: LHB Andy Bowman
|
0-0: Swinging Strike 0-1: Ball 1-1: Ball 2-1: Ball 3-1: Called Strike 3-2: Base on Balls Mike Holt scores Jerry Luckwell to third Aaron LeBlanc to second
|
|
Batting: RHB Chiel Palstermans
|
0-0: Ground out 4-3 (Groundball, 4S, EV 68.1 MPH) Jerry Luckwell scores Aaron LeBlanc to third Andy Bowman to second
|
|
Batting: RHB Alberto Cotto
|
0-0: Foul Ball, location: 2F 0-1: Ball 1-1: Called Strike 1-2: Strikes out swinging
|
| Bottom of the 1st over - 3 runs, 2 hits, 0 errors, 2 left on base; Los Angeles 0 - San Diego 3 |
| TOP OF THE 2ND |
|
Los Angeles Dodgers batting - Pitching for San Diego Padres : LHP Matt Wheeler
|
|
Batting: RHB Tsutomu Irie
|
0-0: Called Strike 0-1: Ball 1-1: Called Strike 1-2: Foul Ball, location: 2F 1-2: Ground out 6-3 (Groundball, 56, EV 101.9 MPH)
|
|
Batting: RHB Ben Mischnick
|
0-0: Foul Ball, location: 2F 0-1: Foul Ball, location: 2F 0-2: Strikes out swinging
|
|
Batting: SHB Carlos Rodriguez
|
0-0: Ball 1-0: Fly out, F8 (Flyball, 8RD, EV 101.9 MPH)
|
| Top of the 2nd over - 0 runs, 0 hits, 0 errors, 0 left on base; Los Angeles 0 - San Diego 3 |
| BOTTOM OF THE 2ND |
|
San Diego Padres batting - Pitching for Los Angeles Dodgers : RHP Justin Scheithauer
|
|
Batting: LHB Joseph Martin
|
0-0: Foul Ball, location: 2F 0-1: Swinging Strike 0-2: Ground out U3 (Groundball, 23, EV 82.5 MPH)
|
|
Batting: LHB Per Meulengracht
|
0-0: Called Strike 0-1: Fly out, F8 (Flyball, 89S, EV 83.1 MPH)
|
|
Batting: RHB Bobby Ayala
|
0-0: TRIPLE (Flyball, 89XD, EV 100.0 MPH)
|
|
Batting: LHB Mike Holt
|
0-0: Foul Ball, location: 2F 0-1: Ball 1-1: Ball 2-1: SINGLE (Line Drive, 4MD, EV 95.0 MPH) Bobby Ayala scores
|
|
Batting: SHB Jerry Luckwell
|
0-0: Swinging Strike 0-1: Foul Ball, location: 2F 0-2: Ball 1-2: Ball 2-2: Ball 3-2: Ground out 6-3 (Groundball, 6M, EV 86.3 MPH)
|
| Bottom of the 2nd over - 1 run, 2 hits, 0 errors, 1 left on base; Los Angeles 0 - San Diego 4 |
| TOP OF THE 3RD |
|
Los Angeles Dodgers batting - Pitching for San Diego Padres : LHP Matt Wheeler
|
|
Batting: LHB Ryan Taylor
|
0-0: Ball 1-0: Foul Ball, location: 2F 1-1: Ball 2-1: Foul Ball, location: 2F 2-2: Ball 3-2: SINGLE (Groundball, 34S, EV 69.4 MPH) (infield hit)
|
|
Batting: LHB Dalton Silveira
|
0-0: Swinging Strike 0-1: SINGLE (Groundball, 6MD, EV 99.4 MPH) Ryan Taylor to second
|
|
Batting: SHB Joel Baker
|
0-0: Swinging Strike 0-1: Foul Ball, location: 2F 0-2: Strikes out swinging
|
|
Batting: LHB Chris Ringwood
|
0-0: Ball 1-0: Ball 2-0: Called Strike 2-1: Fly out, F9 (Flyball, 9LD, EV 98.8 MPH) Runner from 2nd tags up, SAFE at 3rd, no throw by RF
|
|
Batting: LHB Bob Branham
|
0-0: Called Strike 0-1: Foul Ball, location: 2F 0-2: Strikes out swinging
|
| Top of the 3rd over - 0 runs, 2 hits, 0 errors, 2 left on base; Los Angeles 0 - San Diego 4 |
| BOTTOM OF THE 3RD |
|
San Diego Padres batting - Pitching for Los Angeles Dodgers : RHP Justin Scheithauer
|
|
Batting: LHB Aaron LeBlanc
|
0-0: Called Strike 0-1: SOLO HOME RUN (Flyball, 9D, EV 100.0 MPH), Distance : 393 ft
|
|
Batting: LHB Andy Bowman
|
0-0: Called Strike 0-1: Ball 1-1: Foul Ball, location: 2F 1-2: Ball 2-2: Foul Ball, location: 2F 2-2: SINGLE (Flyball, 34D, EV 77.5 MPH)
|
|
Batting: RHB Chiel Palstermans
|
0-0: Ball Andy Bowman is caught stealing 2nd base 2-4 1-0: Fly out, F7 (Line Drive, 7D, EV 90.6 MPH)
|
|
Batting: RHB Alberto Cotto
|
0-0: Ball 1-0: Hit by Pitch
|
|
Pitching: RHP Taylor Drews
|
|
|
Batting: LHB Joseph Martin
|
0-0: Swinging Strike 0-1: Called Strike 0-2: Ball 1-2: Strikes out looking
|
| Bottom of the 3rd over - 1 run, 2 hits, 0 errors, 1 left on base; Los Angeles 0 - San Diego 5 |
| TOP OF THE 4TH |
|
Los Angeles Dodgers batting - Pitching for San Diego Padres : LHP Matt Wheeler
|
|
Batting: LHB Lirak Bazhunaishvili
|
0-0: Called Strike 0-1: Ball 1-1: Ball 2-1: Called Strike 2-2: Fly out, F9 (Flyball, 9D, EV 100.6 MPH)
|
|
Batting: RHB Tsutomu Irie
|
0-0: Foul Ball, location: 2F 0-1: Foul Ball, location: 2F 0-2: Ball 1-2: Strikes out swinging
|
|
Batting: RHB Ben Mischnick
|
0-0: SINGLE (Groundball, 56S, EV 63.8 MPH) (infield hit)
|
|
Batting: SHB Carlos Rodriguez
|
0-0: Called Strike 0-1: Ball 1-1: Swinging Strike 1-2: Strikes out looking
|
| Top of the 4th over - 0 runs, 1 hit, 0 errors, 1 left on base; Los Angeles 0 - San Diego 5 |
| BOTTOM OF THE 4TH |
|
San Diego Padres batting - Pitching for Los Angeles Dodgers : RHP Taylor Drews
|
|
Batting: LHB Per Meulengracht
|
0-0: Ball 1-0: Ball 2-0: Called Strike 2-1: SINGLE (Flyball, 56D, EV 91.3 MPH)
|
|
Batting: RHB Bobby Ayala
|
0-0: Called Strike 0-1: Ball 1-1: Ball 2-1: Grounds into double play, 6-4-3 (Groundball, 6, EV 82.5 MPH)
|
|
Batting: LHB Mike Holt
|
0-0: Called Strike 0-1: Fly out, F7 (Flyball, 7S, EV 94.4 MPH)
|
| Bottom of the 4th over - 0 runs, 1 hit, 0 errors, 0 left on base; Los Angeles 0 - San Diego 5 |
| TOP OF THE 5TH |
|
Los Angeles Dodgers batting - Pitching for San Diego Padres : LHP Matt Wheeler
|
|
Batting: LHB Ryan Taylor
|
0-0: Ball 1-0: Ground out U3 (Groundball, 34, EV 95.6 MPH)
|
|
Batting: LHB Dalton Silveira
|
0-0: Called Strike 0-1: Called Strike 0-2: Ball 1-2: Ball 2-2: Strikes out looking
|
|
Batting: SHB Joel Baker
|
0-0: Called Strike 0-1: DOUBLE (Line Drive, 89D, EV 101.3 MPH)
|
|
Batting: LHB Chris Ringwood
|
0-0: Ball 1-0: Swinging Strike 1-1: Ball 2-1: Foul Ball, location: 2F 2-2: Foul Ball, location: 2F 2-2: SINGLE (Groundball, 4MD, EV 105.0 MPH) Joel Baker to third Runner from 3rd tries for Home, SAFE, throw by CF to home
|
|
Batting: LHB Bob Branham
|
0-0: Ball 1-0: Fly out, F5 (Popup, 5F, EV 68.8 MPH)
|
| Top of the 5th over - 1 run, 2 hits, 0 errors, 1 left on base; Los Angeles 1 - San Diego 5 |
| BOTTOM OF THE 5TH |
|
San Diego Padres batting - Pitching for Los Angeles Dodgers : RHP Taylor Drews
|
|
Batting: SHB Jerry Luckwell
|
0-0: Called Strike 0-1: Ground out 4-3 (Groundball, 4, EV 80.0 MPH)
|
|
Batting: LHB Aaron LeBlanc
|
0-0: Swinging Strike 0-1: Foul Ball, location: 2F 0-2: Ball 1-2: Strikes out swinging
|
|
Batting: LHB Andy Bowman
|
0-0: Called Strike 0-1: Ground out 3-1 (Groundball, 34, EV 103.1 MPH)
|
| Bottom of the 5th over - 0 runs, 0 hits, 0 errors, 0 left on base; Los Angeles 1 - San Diego 5 |
| TOP OF THE 6TH |
|
Los Angeles Dodgers batting - Pitching for San Diego Padres : LHP Matt Wheeler
|
|
Batting: LHB Lirak Bazhunaishvili
|
0-0: Ball 1-0: Ball 2-0: Ball 3-0: Base on Balls
|
|
Batting: RHB Tsutomu Irie
|
0-0: Called Strike 0-1: Ball 1-1: Ground out 4-3 (Groundball, 4, EV 108.8 MPH) Lirak Bazhunaishvili to second
|
|
Batting: RHB Ben Mischnick
|
0-0: Ball 1-0: Ball 2-0: Called Strike 2-1: Swinging Strike 2-2: SINGLE (Groundball, 56D, EV 100.0 MPH) Lirak Bazhunaishvili to third
|
|
Batting: SHB Carlos Rodriguez
|
0-0: Called Strike 0-1: Ball 1-1: Ground out U3 (Groundball, 3S, EV 65.6 MPH) Lirak Bazhunaishvili scores Ben Mischnick to second
|
|
Batting: LHB Ryan Taylor
|
0-0: Called Strike 0-1: Fly out, F9 (Flyball, 89D, EV 95.0 MPH)
|
| Top of the 6th over - 1 run, 1 hit, 0 errors, 1 left on base; Los Angeles 2 - San Diego 5 |
| BOTTOM OF THE 6TH |
|
San Diego Padres batting - Pitching for Los Angeles Dodgers : RHP Taylor Drews
|
|
Pitching: LHP Lance Crumpton
|
|
|
Batting: RHB Chiel Palstermans
|
0-0: Ball 1-0: Ground out 6-3 (Groundball, 6, EV 83.1 MPH)
|
|
Batting: RHB Alberto Cotto
|
0-0: Ball 1-0: Fly out, F4 (Popup, 34, EV 75.6 MPH)
|
|
Batting: LHB Joseph Martin
|
0-0: DOUBLE (Line Drive, 3D, EV 101.3 MPH)
|
|
Batting: LHB Per Meulengracht
|
0-0: Ground out U3 (Groundball, 3, EV 103.8 MPH)
|
| Bottom of the 6th over - 0 runs, 1 hit, 0 errors, 1 left on base; Los Angeles 2 - San Diego 5 |
| TOP OF THE 7TH |
|
Los Angeles Dodgers batting - Pitching for San Diego Padres : LHP Matt Wheeler
|
|
Batting: LHB Dalton Silveira
|
0-0: Called Strike 0-1: Swinging Strike 0-2: Foul Ball, location: 2F 0-2: Ball 1-2: Ball 2-2: Strikes out looking
|
|
Batting: SHB Joel Baker
|
0-0: Fly out, F9 (Flyball, 9S, EV 92.5 MPH)
|
|
Batting: LHB Chris Ringwood
|
0-0: Foul Ball, location: 2F 0-1: SINGLE (Groundball, 4MS, EV 73.8 MPH) (infield hit)
|
|
Pitching: RHP Raul Almonte
|
|
|
Batting: LHB Bob Branham
|
0-0: Called Strike Chris Ringwood steals 2nd base 0-1: Ball 1-1: Called Strike 1-2: Ball 2-2: Strikes out swinging
|
| Top of the 7th over - 0 runs, 1 hit, 0 errors, 1 left on base; Los Angeles 2 - San Diego 5 |
| BOTTOM OF THE 7TH |
|
San Diego Padres batting - Pitching for Los Angeles Dodgers : LHP Lance Crumpton
|
|
Batting: RHB Bobby Ayala
|
0-0: Called Strike 0-1: Ball 1-1: Foul Ball, location: 2F 1-2: Ball 2-2: Ground out 6-3 (Groundball, 6, EV 100.6 MPH)
|
|
Batting: LHB Mike Holt
|
0-0: Ball 1-0: DOUBLE (Line Drive, 78XD, EV 101.9 MPH)
|
|
Batting: SHB Jerry Luckwell
|
0-0: Intentional Walk
|
|
Batting: LHB Aaron LeBlanc
|
0-0: Foul Ball, location: 2F 0-1: Foul Ball, location: 2F 0-2: Strikes out swinging
|
|
Batting: LHB Andy Bowman
|
0-0: Ball 1-0: SINGLE (Groundball, 6M, EV 110.0 MPH) (infield hit) Mike Holt to third Jerry Luckwell to second
|
|
Batting: RHB Chiel Palstermans
|
0-0: Called Strike 0-1: Ball 1-1: Called Strike 1-2: Ball 2-2: Strikes out swinging
|
| Bottom of the 7th over - 0 runs, 2 hits, 0 errors, 3 left on base; Los Angeles 2 - San Diego 5 |
| TOP OF THE 8TH |
|
Los Angeles Dodgers batting - Pitching for San Diego Padres : RHP Raul Almonte
|
|
Batting: LHB Lirak Bazhunaishvili
|
0-0: Ball 1-0: Foul Ball, location: 2F 1-1: Called Strike 1-2: Ball 2-2: Strikes out swinging
|
|
Batting: RHB Tsutomu Irie
|
0-0: Foul Ball, location: 2F 0-1: Ball 1-1: Ground out 6-3 (Groundball, 6, EV 110.0 MPH)
|
|
Batting: RHB Ben Mischnick
|
0-0: Ground out 6-3 (Groundball, 6, EV 96.9 MPH)
|
| Top of the 8th over - 0 runs, 0 hits, 0 errors, 0 left on base; Los Angeles 2 - San Diego 5 |
| BOTTOM OF THE 8TH |
|
San Diego Padres batting - Pitching for Los Angeles Dodgers : LHP Lance Crumpton
|
|
Pitching: RHP Luke Kinman
|
|
|
Batting: RHB Alberto Cotto
|
0-0: Fly out, F8 (Flyball, 8LXD, EV 104.4 MPH)
|
|
Batting: LHB Joseph Martin
|
0-0: Foul Ball, location: 2F 0-1: Swinging Strike 0-2: SINGLE (Line Drive, 3D, EV 96.9 MPH)
|
|
Batting: LHB Per Meulengracht
|
0-0: Called Strike 0-1: Ball 1-1: Ball 2-1: Called Strike 2-2: SINGLE (Groundball, 13S, EV 76.3 MPH) (infield hit) Joseph Martin to second
|
|
Batting: RHB Bobby Ayala
|
0-0: Called Strike 0-1: Fly out, F9 (Flyball, 89S, EV 88.1 MPH)
|
|
Batting: LHB Mike Holt
|
0-0: Ball 1-0: Ball 2-0: Ball 3-0: Called Strike 3-1: Called Strike 3-2: Foul Ball, location: 2F 3-2: Strikes out swinging
|
| Bottom of the 8th over - 0 runs, 2 hits, 0 errors, 2 left on base; Los Angeles 2 - San Diego 5 |
| TOP OF THE 9TH |
|
Los Angeles Dodgers batting - Pitching for San Diego Padres : RHP Raul Almonte
|
|
Batting: SHB Carlos Rodriguez
|
0-0: Called Strike 0-1: Swinging Strike 0-2: SOLO HOME RUN (Flyball, 7LD, EV 93.8 MPH), Distance : 348 ft
|
|
Batting: LHB Ryan Taylor
|
0-0: Called Strike 0-1: Ball 1-1: SINGLE (Groundball, 34D, EV 100.6 MPH)
|
|
Batting: LHB Dalton Silveira
|
0-0: Swinging Strike 0-1: Ball 1-1: Foul Ball, location: 2F 1-2: TRIPLE (Flyball, 78XD, EV 102.5 MPH) Ryan Taylor scores
|
|
Batting: SHB Joel Baker
|
0-0: Called Strike 0-1: Called Strike 0-2: Ball 1-2: Fly out, F7 (Line Drive, 7, EV 100.6 MPH)
|
|
Pitching: LHP Tommy Hall
|
|
|
Pinch Hitting: RHB Clay Buchanan
|
0-0: Ball 1-0: Ball 2-0: Ball 3-0: Called Strike 3-1: Foul Ball, location: 2F 3-2: Foul Ball, location: 2F 3-2: SINGLE (Line Drive, 8LS, EV 88.1 MPH) Dalton Silveira scores
|
|
Batting: LHB Bob Branham
|
0-0: Fly out, F8 (Flyball, 8LD, EV 103.8 MPH)
|
|
Batting: LHB Lirak Bazhunaishvili
|
0-0: Ball 1-0: Swinging Strike 1-1: Swinging Strike 1-2: Ball 2-2: Foul Ball, location: 2F 2-2: Strikes out swinging
|
| Top of the 9th over - 3 runs, 4 hits, 0 errors, 1 left on base; Los Angeles 5 - San Diego 5 |
| BOTTOM OF THE 9TH |
|
San Diego Padres batting - Pitching for Los Angeles Dodgers : RHP Luke Kinman
|
|
Pitching: LHP Gabe Reyes
|
|
|
Now in LF: Clay Buchanan
|
|
|
Batting: SHB Jerry Luckwell
|
0-0: Called Strike 0-1: Called Strike 0-2: Ball 1-2: Ball 2-2: DOUBLE (Line Drive, 8LXD, EV 103.8 MPH)
|
|
Batting: RHB Cesar Breceda
|
0-0: Intentional Walk
|
|
Batting: LHB Andy Bowman
|
0-0: Ball 1-0: Swinging Strike 1-1: Ball 2-1: Fly out, F7 (Flyball, 7, EV 76.9 MPH)
|
|
Batting: RHB Chiel Palstermans
|
0-0: Ball Jerry Luckwell steals 3rd base 1-0: Called Strike Cesar Breceda steals 2nd base (no throw) 1-1: Fielders Choice at home, 1-2 (Groundball, P, EV 64.4 MPH) Cesar Breceda to third
|
|
Batting: RHB Alberto Cotto
|
0-0: Fly out, F8 (Line Drive, 8RM, EV 98.8 MPH)
|
| Bottom of the 9th over - 0 runs, 1 hit, 0 errors, 2 left on base; Los Angeles 5 - San Diego 5 |
| TOP OF THE 10TH |
|
Los Angeles Dodgers batting - Pitching for San Diego Padres : LHP Tommy Hall
|
|
Batting: RHB Tsutomu Irie
|
0-0: Ball 1-0: SINGLE (Groundball, 34D, EV 97.5 MPH)
|
|
Batting: RHB Ben Mischnick
|
0-0: Ball 1-0: Ball Tsutomu Irie is caught stealing 2nd base 2-4 2-0: Fly out, F8 (Flyball, 8RD, EV 103.8 MPH)
|
|
Batting: SHB Carlos Rodriguez
|
0-0: Called Strike 0-1: Swinging Strike 0-2: Foul Ball, location: 2F 0-2: Foul Ball, location: 2F 0-2: Ball 1-2: Strikes out swinging
|
| Top of the 10th over - 0 runs, 1 hit, 0 errors, 0 left on base; Los Angeles 5 - San Diego 5 |
| BOTTOM OF THE 10TH |
|
San Diego Padres batting - Pitching for Los Angeles Dodgers : LHP Gabe Reyes
|
|
Pitching: RHP Chut-sai Teoh
|
|
|
Batting: LHB Joseph Martin
|
0-0: Foul Ball, location: 2F 0-1: Called Strike 0-2: Hit by Pitch
|
|
Batting: LHB Per Meulengracht
|
0-0: Ball 1-0: Ball 2-0: Ball 3-0: Called Strike 3-1: Ball Joseph Martin to second
|
|
Batting: RHB Bobby Ayala
|
0-0: Ball 1-0: Ball 2-0: Called Strike 2-1: Ball 3-1: Called Strike 3-2: Grounds into double play, 6-4-3 (Groundball, 6, EV 80.6 MPH) Joseph Martin to third
|
|
Batting: LHB Mike Holt
|
0-0: Ground out U3 (Groundball, 34, EV 88.8 MPH)
|
| Bottom of the 10th over - 0 runs, 0 hits, 0 errors, 1 left on base; Los Angeles 5 - San Diego 5 |
| TOP OF THE 11TH |
|
Los Angeles Dodgers batting - Pitching for San Diego Padres : LHP Tommy Hall
|
|
Pinch Hitting: RHB Edwin Soto
|
0-0: Ball 1-0: Ball 2-0: Foul Ball, location: 2F 2-1: Ground out 1-3 (Groundball, 23, EV 71.3 MPH)
|
|
Batting: LHB Dalton Silveira
|
0-0: Foul Ball, location: 2F 0-1: Foul Ball, location: 2F 0-2: Ball 1-2: Strikes out looking
|
|
Batting: SHB Joel Baker
|
0-0: Called Strike 0-1: Ball 1-1: Foul Ball, location: 2F 1-2: Foul Ball, location: 2F 1-2: Ball 2-2: Strikes out swinging
|
| Top of the 11th over - 0 runs, 0 hits, 0 errors, 0 left on base; Los Angeles 5 - San Diego 5 |
| BOTTOM OF THE 11TH |
|
San Diego Padres batting - Pitching for Los Angeles Dodgers : RHP Chut-sai Teoh
|
|
Now in RF: Isaiah Yarbrough
|
|
|
Batting: SHB Jerry Luckwell
|
0-0: Ball 1-0: Ground out 6-3 (Groundball, 6, EV 85.6 MPH)
|
|
Batting: RHB Cesar Breceda
|
0-0: Ball 1-0: Ball 2-0: Called Strike 2-1: Foul Ball, location: 2F 2-2: Strikes out swinging
|
|
Batting: LHB Andy Bowman
|
0-0: Called Strike 0-1: Ball 1-1: Ball 2-1: Swinging Strike 2-2: Ball 3-2: Base on Balls
|
|
Batting: RHB Chiel Palstermans
|
0-0: Foul Ball, location: 2F 0-1: Ball Andy Bowman is caught stealing 2nd base 2-4
|
| Bottom of the 11th over - 0 runs, 0 hits, 0 errors, 0 left on base; Los Angeles 5 - San Diego 5 |
| TOP OF THE 12TH |
|
Los Angeles Dodgers batting - Pitching for San Diego Padres : LHP Tommy Hall
|
|
Pitching: RHP Jack Overbeek
|
|
|
Batting: RHB Clay Buchanan
|
0-0: Called Strike 0-1: Foul Ball, location: 2F 0-2: SINGLE (Line Drive, 34, EV 107.5 MPH)
|
|
Batting: LHB Bob Branham
|
0-0: Ball 1-0: Ball 2-0: Foul Ball, location: 2F 2-1: SINGLE (Line Drive, 34D, EV 107.5 MPH) Clay Buchanan to second
|
|
Pitching: LHP Ricardo Chavez
|
|
|
Batting: LHB Lirak Bazhunaishvili
|
0-0: Called Strike 0-1: Ball 1-1: Ball 2-1: Fielders Choice at 2nd, 6-4 (Groundball, 6, EV 81.9 MPH) Clay Buchanan to third
|
|
Batting: RHB Tsutomu Irie
|
0-0: Ball 1-0: Foul Ball, location: 2F 1-1: DOUBLE (Flyball, 89XD, EV 106.3 MPH) Clay Buchanan scores Lirak Bazhunaishvili to third
|
|
Batting: RHB Ben Mischnick
|
0-0: Intentional Walk
|
|
Batting: SHB Carlos Rodriguez
|
0-0: Ball 1-0: Ball 2-0: Grounds into double play, 6-2-3 (Groundball, 6, EV 85.6 MPH)
|
| Top of the 12th over - 1 run, 3 hits, 0 errors, 2 left on base; Los Angeles 6 - San Diego 5 |
| BOTTOM OF THE 12TH |
|
San Diego Padres batting - Pitching for Los Angeles Dodgers : RHP Chut-sai Teoh
|
|
Batting: RHB Chiel Palstermans
|
0-0: Ball 1-0: Ball 2-0: Ground out 2-3 (Groundball, 2R, EV 65.6 MPH)
|
|
Batting: RHB Alberto Cotto
|
0-0: Ball 1-0: SINGLE (Groundball, 6M, EV 87.5 MPH) (infield hit)
|
|
Batting: LHB Joseph Martin
|
0-0: Ball 1-0: Grounds into double play, 4-6-3 (Groundball, 4, EV 96.9 MPH)
|
| Bottom of the 12th over - 0 runs, 1 hit, 0 errors, 0 left on base; Los Angeles 6 - San Diego 5 |
|